[Event "*** Titled Tuesday Blitz"]
[Site "Chess.com"]
[Date "2021.02.02"]
[Round "6"]
[White "Moon_stone123"]
[Black "AniJak"]
[Result "1/2-1/2"]
[WhiteElo "2430"]
[BlackElo "2284"]
[TimeControl "180+1"]
[EndTime "11:08:53 PST"]
[Termination "Game drawn by repetition"]

1. Nf3 d5 2. g3 Nf6 3. Bg2 g6 4. O-O Bg7 5. c4 c6 6. b3 O-O 7. Bb2 Bg4 8. d3 Nbd7 9. Nbd2 Re8 10. Ne5 Nxe5 11. Bxe5 Qd7 12. Re1 d4 13. b4 Qe6 14.
Bxd4 Rad8 15. Bc3 Qf5 16. Qc2 Qh5 17. Ne4 Nxe4 18. Bxg7 Nxf2 19. Kxf2 Kxg7 20. Qb2+ f6 21. Kg1 Bh3 22. Rab1 Bxg2 23. Kxg2 Rd7 24. b5 cxb5 25.
Qxb5 Qxb5 26. Rxb5 Red8 27. Reb1 b6 28. a4 e5 29. a5 bxa5 30. Rxa5 Kh6 31. Rba1 e4 32. dxe4 Rd4 33. Kf3 Rxc4 34. Rxa7 Re8 35. R1a4 Rexe4 36. Rxc4 Rxc4 37. e3 g5 38. h3 Kg6 39. Ra6 h5 40. g4 hxg4+ 41. hxg4 Rb4 42. Rc6 Kf7 43. Rc7+ Ke6 44. Rg7 Rb3 45. Ra7 Rb1 46. Ra6+ Kf7 47. Ke4 Rb4+ 48. Kf3 Rb3 49. Ra7+ Ke6 50. Ra6+ Ke5 51.
Ra5+ Ke6 52. Ra4 Rb1 53. Ke4 Rg1 54. Ra6+ Kf7 55. Ra7+ Ke6 56. Ra6+ Kf7 57. Kf5 Rf1+ 58. Ke4 Rg1 1/2-1/2

[Event "*** Titled Tuesday Blitz"]
[Site "Chess.com"]
[Date "2021.02.02"]
[Round "6"]
[White "ChelsieMonica"]
[Black "MikeSailer"]
[Result "0-1"]
[WhiteElo "2380"]
[BlackElo "2201"]
[TimeControl "180+1"]
[EndTime "11:08:53 PST"]
[Termination "MikeSailer won by resignation"]

1. c4 c6 2. Nf3 d5 3. e3 Nf6 4. d4 a6 5. cxd5 cxd5 6. Nc3 Nc6 7.
Bd3 Bg4 8. O-O e6 9. h3 Bh5 10. Qb3 Bxf3 11. gxf3 Bb4 12. Ne2 b5 13. a4 Qa5 14. e4 O-O 15. Bg5 dxe4 16. axb5 exd3 17. Rxa5 dxe2 18. bxc6 exf1=Q+ 19. Kxf1 Bxa5 20. Qc4 Nd5 21. f4 h6 22. Bh4 Nxf4 23. b4 Bc7 24. Bg3 Rfc8 25.
Bxf4 Bxf4 26. d5 exd5 27. Qxf4 Rxc6 28. Qd4 Rd6 29. h4 Rb8 30. h5 Rb5 31. Kg2 Rdb6 32.
Qe5 Rb8 33. Qd6 Rxb4 34. Qxd5 R4b5 35. Qd6 a5 36. Qa6 Rg5+ 37. Kf3 Rbb5 38. Qc8+ Kh7 39.
Ke2 Rbf5 40. Qc2 Rxh5 41. Kf1 Rg5 42. Qc7 h5 43. Qh2 g6 44. Qh4 Rg4 45. Qe7 a4 46. Qf8 h4 47. Ke2 h3 48. f3 Rg2+ 49. Kf1 Rxf3+ 0-1

[Event "*** Titled Tuesday Blitz"]
[Site "Chess.com"]
[Date "2021.02.02"]
[Round "6"]
[White "LisikValera"]
[Black "Vesper2018"]
[Result "1-0"]
[WhiteElo "2490"]
[BlackElo "2596"]
[TimeControl "180+1"]
[EndTime "11:08:55 PST"]
[Termination "LisikValera won by resignation"]

1. d4 Nf6 2. c4 g6 3. Nc3 Bg7 4. e4 d6 5. Nf3 O-O 6. Be2 e5 7. O-O Nc6 8. d5 Ne7 9. Ne1 Nd7 10. f3 f5 11. g4 Nf6 12. Nd3 c6 13. Nf2 h6 14. h4 Kh8 15. Kg2 b5 16. b3 b4 17.
Na4 c5 18. a3 a5 19. Bd2 Bd7 20. Nb2 Kg8 21. Nbd3 Qc8 22. Qc1 fxg4 23. fxg4 Nxg4 24. Bxg4 Bxg4 25. Bxh6 Be2 26. Bxg7 Bxf1+ 27. Qxf1 Kxg7 28. Qe2 Rh8 29. Qf3 Rxh4 30. Qg3 Rh5 31. Nh3 a4 32. Ng5 axb3 33. Ne6+ Kh7 34. Rf1 Qg8 35. Ng5+ Kh8 36. Nf7+ Kg7 37. Nxd6 bxa3 38. Nxe5 a2 39. Ng4 a1=Q 40.
Rxa1 Rxa1 41. Qc3+ Kh7 42. Nf6+ Kh8 43. Nxg8+ Kxg8 44.
Qxa1 Rh4 45. Qf6 1-0

[Event "*** Titled Tuesday Blitz"]
[Site "Chess.com"]
[Date "2021.02.02"]
[Round "6"]
[White "Ze-Pequeno"]
[Black "IMJonathanCarlstedt"]
[Result "0-1"]
[WhiteElo "2229"]
[BlackElo "2487"]
[TimeControl "180+1"]
[EndTime "11:08:56 PST"]
[Termination "IMJonathanCarlstedt won on time"]

1. e4 e5 2. Nf3 Nc6 3. Nc3 Nf6 4. d4 exd4 5. Nxd4 Bb4 6. Nxc6 bxc6 7. Bd3 d5 8. exd5 O-O 9. O-O cxd5 10. Bg5 c6 11. Qf3 h6 12. Bf4 Bd6 13. h3 Rb8 14. b3 Rb4 15. Bd2 Bc7 16. Ne2 Qd6 17. Ng3 Rh4 18.
Rad1 Nh5 19. Be1 Nf4 20. c4 Qf6 21. Qe3 Bb6 22. c5 Bc7 23. Bc2 Ba6 24. Bc3 Qg5 25. Rfe1 Bc8 26. Qe7 Qxe7 27. Rxe7 Ne6 28. Re1 Bb8 29.
Nf5 Rf4 30. Nd6 Ba6 31. g3 Rf3 32. Be5 Nxc5 33. b4 Ne4 34. Nxe4 dxe4 35. Bxe4 Ra3 0-1

[Event "*** Titled Tuesday Blitz"]
[Site "Chess.com"]
[Date "2021.02.02"]
[Round "6"]
[White "losersgame"]
[Black "szefru"]
[Result "0-1"]
[WhiteElo "2366"]
[BlackElo "2217"]
[TimeControl "180+1"]
[EndTime "11:08:56 PST"]
[Termination "szefru won on time"]

1. d4 Nf6 2. c4 g6 3. Nc3 Bg7 4. e4 d6 5. f3 O-O 6. Be3 c5 7. d5 e6 8. Bd3 exd5 9. cxd5 Re8 10. Nge2 a6 11. a4 Nbd7 12. Ng3 Ne5 13. Be2 h5 14.
O-O h4 15. Nh1 Rb8 16. Qd2 Bd7 17. Rfb1 b5 18. axb5 axb5 19. b4 c4 20. Nf2 Ra8 21.
Bd4 Qe7 22. Ra5 Reb8 23. Rba1 Rxa5 24. Rxa5 Kh7 25. h3 Be8 26. f4 Ned7 27. Bf3 Nh5 28. Bxh5 gxh5 29. Bxg7 Kxg7 30. Ra7 Qf6 31. Qe3 Nb6 32. e5 dxe5 33. fxe5 Qg6 34. Nfe4 Rd8 35. Nf6 Nxd5 36. Ncxd5 Bc6 37. Nf4 Rd1+ 38. Kh2 Qb1 39. N4xh5+ Kg6 40. Qe4+ Bxe4 0-1

[Event "*** Titled Tuesday Blitz"]
[Site "Chess.com"]
[Date "2021.02.02"]
[Round "6"]
[White "ruvat"]
[Black "Grieve72"]
[Result "0-1"]
[WhiteElo "2329"]
[BlackElo "2506"]
[TimeControl "180+1"]
[EndTime "11:08:57 PST"]
[Termination "Grieve72 won on time"]

1. d4 d5 2. c4 e6 3. Nf3 c6 4. Qc2 Nf6 5. Nbd2 Be7 6. g3 b6 7. Bg2 Bb7 8. O-O O-O 9. e4 Na6 10. e5 Nd7 11. a3 c5 12. dxc5 Naxc5 13. b4 Ne4 14. cxd5 exd5 15. Bb2 Rc8 16. Qd3 Re8 17. Nb3 Nf8 18. Nfd4 Ng6 19. Nf5 Bf8 20. f3 Ng5 21. h4 Ne6 22. f4 Qd7 23. h5 Ne7 24. Nd6 Rcd8 25. Rad1 h6 26. Kh2 Nc8 27. Nxe8 Qxe8 28. Nd4 Ne7 29. Nxe6 fxe6 30. Bh3 Qxh5 31. Qf3 Qf7 32.
Bd4 Nf5 33. Bxf5 Qxf5 34. Rc1 Rd7 35. Rc3 Rf7 0-1

[Event "*** Titled Tuesday Blitz"]
[Site "Chess.com"]
[Date "2021.02.02"]
[Round "6"]
[White "floplover"]
[Black "bsnsun"]
[Result "1-0"]
[WhiteElo "2325"]
[BlackElo "2454"]
[TimeControl "180+1"]
[EndTime "11:08:57 PST"]
[Termination "floplover won by resignation"]

1. d4 Nf6 2. c4 e6 3. Nc3 d5 4.
Nf3 dxc4 5. e4 Bb4 6. Bg5 h6 7. Bxf6 Qxf6 8. Bxc4 c5 9. O-O cxd4 10. Qxd4 Qxd4 11.
Nxd4 O-O 12. Rac1 e5 13. Ndb5 Nc6 14. Nd5 Ba5 15. Nd6 Be6 16. Nxb7 Bd2 17. Rc2 Bg5 18. Nc7 Nd4 19. Nxe6 fxe6 20. Rc3 Rab8 21. Nc5 Kf7 22. b3 Ke7 23. g3 Rbc8 24. Na4 Nf3+ 25. Kg2 Nd2 26. Re1 Nf3 27. Rxf3 Rfd8 28. h4 Bd2 29.
Re2 Ba5 30. Rd3 Rxd3 31. Bxd3 Rc7 32. Bc4 Bb4 33. Nb2 Ba3 34. Nd3 Bd6 35. f4 exf4 36. gxf4 g5 37. e5 Ba3 38. hxg5 hxg5 39. fxg5 Rc8 40.
Rf2 Rg8 41. Rf6 Rxg5+ 42. Kf3 Rg1 43. Rxe6+ Kd7 44. Ra6 Rf1+ 45. Ke2 Ra1 46. Rxa7+ Kc6 47. Rxa3 Kb6 48. Ra6+ Kb7 49. e6 Rh1 50. e7 Rh2+ 51.
Ke3 Rh3+ 52. Kd4 Rh4+ 53. Kc3 Rh8 54. Re6 Re8 55. Bb5 Rc8+ 56. Rc6 Re8 57. Rc7+ Kxc7 58. Bxe8 Kd6 59. Bc6 Kxe7 60. Kc4 Kd6 61. Kb5 Kc7 62. a4 1-0

[Event "*** Titled Tuesday Blitz"]
[Site "Chess.com"]
[Date "2021.02.02"]
[Round "6"]
[White "imdvb6307"]
[Black "mirochka"]
[Result "1-0"]
[WhiteElo "2378"]
[BlackElo "2207"]
[TimeControl "180+1"]
[EndTime "11:08:57 PST"]
[Termination "imdvb6307 won by checkmate"]

1. c4 Nf6 2. Nc3 e6 3. e4 c5 4. Nf3 Nc6 5. Be2 e5 6. O-O d6 7.
d3 g6 8. Ne1 Bg7 9. Nc2 O-O 10.
f4 Nd4 11. Nxd4 exd4 12. Nb1 Rb8 13. a4 b6 14. g4 a6 15. Na3 Bd7 16. Rb1 Qc8 17. h3 h5 18. g5 Ne8 19. h4 Nc7 20. b3 b5 21. axb5 axb5 22. Bxh5 gxh5 23. f5 Be5 24. Qxh5 Ne8 25. Rf2 Ng7 26. Qh6 Nxf5 27. exf5 Bxf5 28. Bf4 Bxf4 29. Rxf4 Bxd3 30. Rd1 Bg6 31.
h5 Qh3 32. hxg6 Qg3+ 33. Kh1 fxg6 34. Rf6 Rxf6 35. gxf6 Qf3+ 36. Kh2 Qe2+ 37. Kh3 Qf3+ 38. Kh2 Qe2+ 39. Kg3 Qxd1 40. Qg7# 1-0

[Event "*** Titled Tuesday Blitz"]
[Site "Chess.com"]
[Date "2021.02.02"]
[Round "6"]
[White "MrrRefrao"]
[Black "RaneshRatnesan"]
[Result "0-1"]
[WhiteElo "2380"]
[BlackElo "2194"]
[TimeControl "180+1"]
[EndTime "11:08:58 PST"]
[Termination "RaneshRatnesan won on time"]

1. e4 c5 2. Nf3 d6 3. d4 cxd4 4.
Nxd4 Nf6 5. Nc3 a6 6. Bg5 e6 7. f4 Be7 8. Qf3 Qc7 9. O-O-O Nbd7 10. Bd3 h6 11. Bxf6 Nxf6 12. g4 g6 13. h4 e5 14.
Nde2 Bxg4 15. Qg2 h5 16. Kb1 O-O-O 17. Rd2 Kb8 18. Rf1 Bxe2 19. Bxe2 exf4 20. Rxf4 d5 21. Rxf6 Bxf6 22. Nxd5 Qe5 23. c3 Rhe8 24. Bf3 Bxh4 25. a4 Bg5 26. Rd4 h4 27. Rb4 Qg3 28. Qf1 Rxd5 29.
Qxa6 Rd7 30. Qb5 Red8 31. Be2 Be7 32. Rb3 Qg5 33. e5 Qf5+ 34. Ka2 Qe6 35. a5 Rc8 36. Bf3 Rcc7 37. a6 Ka7 38. axb7 Rd8 39. Kb1 Rb8 40.
Rb4 Qf5+ 0-1

[Event "*** Titled Tuesday Blitz"]
[Site "Chess.com"]
[Date "2021.02.02"]
[Round "6"]
[White "Mimsychess"]
[Black "Natalya_Buksa"]
[Result "0-1"]
[WhiteElo "2358"]
[BlackElo "2551"]
[TimeControl "180+1"]
[EndTime "11:09:00 PST"]
[Termination "Natalya_Buksa won on time"]

1. e4 c5 2. Nf3 Nc6 3. Nc3 e5 4. Bc4 Be7 5. d3 d6 6. O-O Nf6 7. Ng5 O-O 8. f4 Bg4 9. Qe1 exf4 10.
Bxf4 Nd4 11. Qf2 h6 12. Nf3 Nxf3+ 13. gxf3 Bh3 14. Rfe1 Nh5 15. Bg3 Kh8 16. Kh1 f5 17. Qe2 Nxg3+ 18. hxg3 fxe4 19. Qxe4 Bf6 20. Be6 Re8 21. Qd5 Bxe6 22. Rxe6 Bxc3 23. bxc3 Rxe6 24. Qxe6 Qg5 25. Qxd6 Re8 26. Rf1 Re2 27. Qf4 Qh5+ 28. Qh4 Qe5 29. d4 cxd4 30. cxd4 Qe3 31. Qd8+ Kh7 32. Qd7 Qg5 33. Qg4 Rxc2 34. Qxg5 hxg5 35. Rd1 Kg6 36. d5 Kf7 37. a4 Ke7 38. Rd4 Rc5 39.
Kg2 Kd6 40. Kh3 Rxd5 41. Rb4 Kc6 42. Kg4 a6 43. f4 gxf4 44. Rxf4 b5 45. axb5+ axb5 46. Rf7 Rd7 47. Rf4 Kc5 48. Rf8 Rb7 49. Rc8+ Kd4 50.
Rd8+ Kc3 51. Rc8+ Kd2 52. Rd8+ Kc2 53. Rc8+ Kb1 54. Kf3 b4 55. Ke2 b3 56. Kd2 b2 57. Kc3 Kc1 58. Rh8 Rc7+ 0-1

[Event "*** Titled Tuesday Blitz"]
[Site "Chess.com"]
[Date "2021.02.02"]
[Round "6"]
[White "Margency"]
[Black "DenLaz"]
[Result "1-0"]
[WhiteElo "2642"]
[BlackElo "2810"]
[TimeControl "180+1"]
[EndTime "11:09:01 PST"]
[Termination "Margency won by resignation"]

1. e4 e5 2. Nf3 Nc6 3. Bc4 Bc5 4. d3 Nf6 5. O-O d6 6. a4 a6 7. c3 h6 8. Na3 O-O 9. Nc2 Re8 10. Re1 Be6 11. Bxe6 Rxe6 12. Be3 Bxe3 13. Nxe3 Qd7 14. Nd5 Ne7 15. Qb3 Rb8 16. Ne3 Ng6 17. g3 c6 18. Nc4 b5 19. axb5 axb5 20. Ne3 d5 21. Nf5 Ree8 22. Qb4 Rbc8 23. Qd6 Red8 24. Nxh6+ Kh8 25.
Qxd7 Rxd7 26. Nf5 Kg8 27. Ra6 dxe4 28. dxe4 Ne8 29. h4 f6 30. h5 Ne7 31. Nxe7+ Rxe7 32. Rd1 Rb7 33. Nh4 b4 34. c4 b3 35. Nf5 Kh7 36.
Rd3 g6 37. hxg6+ Kxg6 38. Kg2 Kf7 39. c5 Kg6 40. Rb6 Ra7 41. Rdxb3 Ng7 42. Nxg7 Rxg7 43. Rb7 Rgg8 44. Rd3 Ra8 45. Rd6 Ra4 46. Kf3 Rc4 47. Rxc6 Rd8 48. Rbb6 Rd3+ 49. Ke2 Rdd4 50. Rxf6+ Kg7 51.
Rfd6 Rxe4+ 52. Kf3 Re1 53. Rd7+ 1-0

[Event "*** Titled Tuesday Blitz"]
[Site "Chess.com"]
[Date "2021.02.02"]
[Round "6"]
[White "Michaelson_11"]
[Black "eldur16"]
[Result "1-0"]
[WhiteElo "2300"]
[BlackElo "2519"]
[TimeControl "180+1"]
[EndTime "11:09:01 PST"]
[Termination "Michaelson_11 won by resignation"]

1. e4 Nf6 2. e5 Nd5 3. d4 d6 4. c4 Nb6 5. exd6 cxd6 6. Nc3 g6 7. Be3 Bg7 8. Rc1 O-O 9. b3 e5 10. d5 a6 11. Be2 N6d7 12. f3 f5 13. Nh3 h6 14.
O-O b6 15. f4 e4 16. Bd4 Nf6 17. Nf2 Nbd7 18. Qd2 Rb8 19. Qe3 h5 20. Rfd1 Qe7 21.
Qg3 Ng4 22. h3 Bxd4 23. Rxd4 h4 24. Rxe4 Qg7 25. Qxh4 Nxf2 26. Re7 Rf7 27. Re8+ Nf8 28. Kxf2 Qd4+ 29. Kf1 Kg7 30. Qf2 Qxf2+ 31. Kxf2 Nd7 32.
Bf3 Bb7 33. Rxb8 Nxb8 34. Re1 Nd7 35. Re6 b5 36. Rxd6 bxc4 37. bxc4 Nc5 38. Ne2 Rc7 39. Nd4 Bc8 40. Rc6 Rxc6 41. Nxc6 Kf7 42. Ke3 Kf6 43.
Kd4 Nd7 44. Ne5 Nf8 45. c5 1-0

[Event "*** Titled Tuesday Blitz"]
[Site "Chess.com"]
[Date "2021.02.02"]
[Round "6"]
[White "CSB7"]
[Black "guillembaches"]
[Result "0-1"]
[WhiteElo "2578"]
[BlackElo "2472"]
[TimeControl "180+1"]
[EndTime "11:09:01 PST"]
[Termination "guillembaches won on time"]

1. e4 c5 2. Nf3 d6 3. Bc4 Nf6 4.
Qe2 e6 5. c3 Be7 6. O-O O-O 7.
Bb3 b6 8. Rd1 Qc7 9. d4 cxd4 10.
cxd4 Ba6 11. Qe1 d5 12. e5 Ne4 13. Nbd2 Bd3 14. Nf1 Bc2 15. Bxc2 Qxc2 16. Ne3 Qc7 17. Nd2 Bb4 18. f3 Nxd2 19. Bxd2 Bxd2 20. Qxd2 Nd7 21. Rac1 Qb7 22. h4 Rac8 23. h5 f5 24.
Qb4 Rxc1 25. Rxc1 Rc8 26. Rc3 Rxc3 27. bxc3 Nf8 28. c4 dxc4 29. Qxc4 b5 30. Qb3 f4 31. Nf5 Qb6 32. Kh2 a5 33. a3 a4 34. Qa2 b4 35.
axb4 Qxb4 36. Nd6 Qxd4 37. Qc2 Qxe5 38. Qc7 Qxh5+ 39. Kg1 h6 40. Qa7 Qd5 0-1

[Event "*** Titled Tuesday Blitz"]
[Site "Chess.com"]
[Date "2021.02.02"]
[Round "6"]
[White "korkmaz16"]
[Black "YIYUKI"]
[Result "1-0"]
[WhiteElo "2411"]
[BlackElo "2246"]
[TimeControl "180+1"]
[EndTime "11:09:01 PST"]
[Termination "korkmaz16 won by resignation"]

1. e4 c5 2. Nc3 e6 3. f4 a6 4. Nf3 b5 5. d3 b4 6. Ne2 Bb7 7. g3 Nf6 8. Bg2 d5 9. e5 Nfd7 10. d4 Nc6 11. Be3 a5 12. O-O Ba6 13. f5 Bxe2 14. Qxe2 cxd4 15. Nxd4 Ndxe5 16. fxe6 fxe6 17. Nxe6 Qd6 18. Bxd5 Be7 19. Bc5 Qd7 20. Nxg7+ Kd8 21. Bxe7+ Qxe7 22. Nf5 Qc5+ 23. Qf2 Qxf2+ 24. Rxf2 Kc7 25.
Bxc6 Nxc6 26. Re1 Rad8 27. Ne7 Nd4 28. Rf7 Kb6 29. Rf6+ Kc7 30. Re5 Rhe8 31. Nd5+ Kb7 32. Rxe8 Rxe8 33. c3 bxc3 34. bxc3 Ne2+ 35. Kf2 Nc1 36. Rb6+ Ka7 37. Rd6 Nxa2 38. Rd7+ Kb8 39. Rxh7 a4 40. Rh4 a3 41. Ra4 Nc1 42. Rxa3 Re2+ 43.
Kf3 Rxh2 44. g4 Nd3 45. g5 Ne5+ 46. Ke4 Nd7 47. Nf4 Rh1 48. g6 Rg1 49. Ra5 Nf6+ 50. Kf5 Ng8 51. Re5 Kc7 52. Re8 Nh6+ 53. Kf6 Rg4 54. Re4 Ng8+ 55. Kg7 1-0

[Event "*** Titled Tuesday Blitz"]
[Site "Chess.com"]
[Date "2021.02.02"]
[Round "6"]
[White "DenishevM"]
[Black "Tenamu"]
[Result "0-1"]
[WhiteElo "2550"]
[BlackElo "2411"]
[TimeControl "180+1"]
[EndTime "11:09:03 PST"]
[Termination "Tenamu won by resignation"]

1. Nf3 d5 2. b3 c5 3. Bb2 Nc6 4. e3 Nf6 5. d4 cxd4 6. Nxd4 g6 7. Be2 Bg7 8. O-O O-O 9. Nd2 Re8 10. c4 e5 11. Nxc6 bxc6 12. cxd5 cxd5 13. Rc1 Bb7 14. Nb1 Re6 15. Nc3 a6 16. Na4 Nd7 17. Bf3 e4 18. Bg4 f5 19. Bxg7 Kxg7 20. Be2 Rd6 21. Qd4+ Qf6 22.
Qxf6+ Kxf6 23. Rc7 Bc6 24. Nb2 Ne5 25. Rc1 Bb5 26. Kf1 d4 27. exd4 Rxd4 28. Bc4 Rd2 29.
a4 Rxb2 30. axb5 axb5 31. Bxb5 Raa2 32. Kg1 Rxf2 33. Bf1 h5 34. Rb7 Nd3 35. Rb6+ Kg5 36. Rd1 Nf4 37. Rdd6 Kg4 38. g3 Kf3 39. gxf4 Rxf1+ 40. Kxf1 Ra1+ 0-1

[Event "*** Titled Tuesday Blitz"]
[Site "Chess.com"]
[Date "2021.02.02"]
[Round "6"]
[White "MaxLeto"]
[Black "CoachHakia"]
[Result "0-1"]
[WhiteElo "2312"]
[BlackElo "2161"]
[TimeControl "180+1"]
[EndTime "11:09:03 PST"]
[Termination "CoachHakia won on time"]

1. h4 c5 2. h5 h6 3. c3 Nc6 4. d4 cxd4 5. cxd4 d5 6. Nc3 Bf5 7. e3 e6 8. Qb3 Rb8 9. Bd2 Bd6 10. Nf3 Nf6 11. Be2 O-O 12. Rc1 a6 13. Na4 Ne4 14.
Nc5 Bxc5 15. dxc5 Nxd2 16. Nxd2 d4 17. e4 Bh7 18. O-O Qg5 19. f4 Qh4 20. g3 Qe7 21. Bd3 f5 22. e5 Qf7 23. Be2 Rfd8 24. Nc4 g6 25. Nd6 Qg7 26. Qxe6+ Kf8 27. Kh2 Bg8 28.
Qxg6 Qxg6 29. hxg6 Be6 30. Bd3 Nb4 31. Bb1 Nd5 32.
Nxf5 Bxf5 33. Bxf5 Ne3 34. Bd3 Nxf1+ 35. Rxf1 Rbc8 36.
b4 a5 37. a3 axb4 38. axb4 Ra8 39. f5 Rd5 40. e6 Ke7 41. f6+ Kxe6 42. f7 Rh5+ 43. Kg2 Ra2+ 44. Kf3 Ke7 0-1

[Event "*** Titled Tuesday Blitz"]
[Site "Chess.com"]
[Date "2021.02.02"]
[Round "6"]
[White "Legendinunknown"]
[Black "Fluke180"]
[Result "1/2-1/2"]
[WhiteElo "2584"]
[BlackElo "2450"]
[TimeControl "180+1"]
[EndTime "11:09:05 PST"]
[Termination "Game drawn - insufficient material"]

1. d4 c6 2. c4 d5 3. Nf3 Nf6 4. Nc3 a6 5. g3 b5 6. cxd5 cxd5 7.
Bg2 Bb7 8. O-O e6 9. Ne5 Nbd7 10. Bf4 Rc8 11. Rc1 Nh5 12. e4 Nxf4 13. gxf4 Nxe5 14. fxe5 b4 15. Nxd5 Rxc1 16. Qxc1 exd5 17. e6 fxe6 18. Qf4 Bd6 19. Qg4 Qe7 20. e5 Bb8 21. Bh3 O-O 22. Qxe6+ Qxe6 23. Bxe6+ Kh8 24. Rc1 Ba7 25. Rc7 Rb8 26. Bxd5 Bxd5 27. Rxa7 Bxa2 28. Rxa6 Bd5 29. Rd6 Bf3 30. e6 Kg8 31. h4 Kf8 32.
Rd7 Bg4 33. d5 Rb5 34. Rf7+ Ke8 35. Rxg7 Rxd5 36. Rxg4 Ke7 37. Rxb4 Kxe6 38. Kg2 h5 39. Rb6+ Kf5 40. Kg3 Rd3+ 41. f3 Rd1 42. Rb5+ Kg6 43.
b4 Rd4 44. Rg5+ Kh6 45. b5 Rb4 46. Rf5 Kg6 47. Rg5+ Kh6 48. Rc5 Kg6 49. Rc6+ Kf5 50. Rc5+ Kg6 51. Kf2 Rxh4 52. Ke3 Rb4 53. Kd3 h4 54.
Kc3 Ra4 55. Kb3 Rf4 56. Rc3 h3 57. b6 h2 58. Rc1 Rxf3+ 59. Kb4 Rf2 60. Ka3 Rf6 61.
b7 Rb6 62. Rh1 Rxb7 63. Rxh2 Kf5 64. Rb2 Rxb2 65. Kxb2 1/2-1/2

[Event "*** Titled Tuesday Blitz"]
[Site "Chess.com"]
[Date "2021.02.02"]
[Round "6"]
[White "nocnypako"]
[Black "zacachess"]
[Result "0-1"]
[WhiteElo "2567"]
[BlackElo "2434"]
[TimeControl "180+1"]
[EndTime "11:09:06 PST"]
[Termination "zacachess won by checkmate"]

1. d4 Nf6 2. c4 g6 3. Nc3 Bg7 4. e4 d6 5. Nf3 O-O 6. Be2 e5 7.
O-O Nc6 8. d5 Ne7 9. Ne1 Nd7 10.
Be3 f5 11. f3 Nf6 12. Rc1 f4 13. Bf2 g5 14. c5 Ne8 15. cxd6 cxd6 16. Nb5 b6 17.
Nd3 Ng6 18. Nb4 a6 19. Na3 b5 20. Nc6 Qf6 21. Nc2 Rf7 22. a4 bxa4 23. N2b4 h5 24. Qxa4 Bf8 25. Qa5 Bd7 26. Qb6 Rg7 27.
Qb7 Rc8 28. Bxa6 g4 29. Qxd7 Rxd7 30. Bxc8 Rg7 31. fxg4 Nh4 32. h3 Qg5 33. Be6+ Kh7 34. Nb8 Nf6 35. Rc8 hxg4 36. Bxh4 Qxh4 37. Rxf8 gxh3 38.
Bf5+ Kh6 39. Rh8+ Nh7 40. Rf2 h2+ 41. Kh1 Qxf2 42. Kxh2 Qg3+ 43. Kg1 Qxg2# 0-1

[Event "*** Titled Tuesday Blitz"]
[Site "Chess.com"]
[Date "2021.02.02"]
[Round "6"]
[White "ajdemipopushi"]
[Black "poliplaza"]
[Result "0-1"]
[WhiteElo "2324"]
[BlackElo "2505"]
[TimeControl "180+1"]
[EndTime "11:09:06 PST"]
[Termination "poliplaza won on time"]

1. Nf3 g6 2. g3 Bg7 3. Bg2 c5 4.
c4 Nc6 5. O-O e6 6. Nc3 Nge7 7.
e3 O-O 8. d4 cxd4 9. Nxd4 d5 10.
cxd5 Nxd4 11. exd4 exd5 12. Bg5 Be6 13. Re1 Re8 14. Qb3 Qd7 15. Bxe7 Rxe7 16. Bxd5 Bxd5 17. Rxe7 Qxe7 18. Nxd5 Qd7 19. Rd1 Rd8 20. Ne3 Bxd4 21. Qc4 b5 22. Qb4 Qd6 23. Qxb5 Qf6 24. Qd3 Bb6 25.
Qe2 Rxd1+ 26. Nxd1 h5 27. h4 Kg7 28. Nc3 Qd4 29. Kg2 Qf6 30. Ne4 Qc6 31. Qf3 Bd4 32.
b3 Be5 33. a4 Bd4 34. Ng5 Qd7 35. Qe4 Bf6 36. Nf3 Qd6 37. Qc4 Qd1 38. a5 Qd8 39. b4 Qd7 40. b5 Qf5 0-1

[Event "*** Titled Tuesday Blitz"]
[Site "Chess.com"]
[Date "2021.02.02"]
[Round "6"]
[White "verdest"]
[Black "Sjakkerntobi"]
[Result "1-0"]
[WhiteElo "2484"]
[BlackElo "2312"]
[TimeControl "180+1"]
[EndTime "11:09:06 PST"]
[Termination "verdest won on time"]

1. d4 e6 2. c4 Nf6 3. Nf3 c5 4. d5 exd5 5. cxd5 d6 6. e4 g6 7. Bd3 Bg4 8. Nbd2 Bg7 9. O-O O-O 10. h3 Bxf3 11. Nxf3 Nbd7 12. Re1 a6 13. Bf4 Qe7 14. Rb1 Nh5 15. Bg5 Bf6 16. Bd2 Ne5 17. Be2 Nxf3+ 18. Bxf3 Kh8 19. Bxh5 gxh5 20. Qxh5 Rg8 21. Bc3 Bxc3 22.
bxc3 Rg5 23. Qf3 Rag8 24. g3 R8g6 25. h4 Rg4 26. e5 dxe5 27. h5 Rg8 28. h6 Qh4 29. Kg2 Qxh6 30. Rxe5 Rh4 31. Kg1 Qg6 32. Rxb7 Qd6 33. Re3 Qh6 34. Rxf7 Rhg4 35. Qf6+ Qxf6 36. Rxf6 Ra4 37. d6 Rxa2 38. d7 Rd2 39. Rf7 1-0

[Event "*** Titled Tuesday Blitz"]
[Site "Chess.com"]
[Date "2021.02.02"]
[Round "6"]
[White "SkippingLaptop"]
[Black "tylityli"]
[Result "0-1"]
[WhiteElo "2074"]
[BlackElo "2319"]
[TimeControl "180+1"]
[EndTime "11:09:06 PST"]
[Termination "tylityli won on time"]

1. c4 Nf6 2. g3 c5 3. Bg2 d5 4.
cxd5 Nxd5 5. Nc3 Nc7 6. Nf3 Nc6 7. O-O e5 8. d3 Be7 9. Be3 O-O 10. Nd2 Nd4 11. Nc4 f6 12. Na5 Rb8 13. Rc1 Nce6 14.
Nc4 b5 15. Nd2 Bb7 16. Bxb7 Rxb7 17. Bxd4 cxd4 18. Nce4 Kh8 19. Qb3 Qd7 20. f4 a5 21.
fxe5 a4 22. Qc2 fxe5 23. Rxf8+ Bxf8 24. Qc8 Kg8 25. Nf3 Qe7 26. Nxe5 Rc7 27. Rxc7 Nxc7 28.
Nd7 Ne6 29. Nxf8 Nxf8 30. Qf5 Qb4 31. Qd5+ Kh8 32. Kf2 h6 33. Nd6 Qxb2 34. Nf7+ Kh7 35. Qf5+ Kg8 36. Ne5 Qxa2 37. g4 Qe6 38. Qf4 Qd5 39. h4 a3 40. g5 hxg5 41. hxg5 a2 42. g6 a1=Q 43. Qh4 Qxe5 44. Qh7+ Nxh7 45. gxh7+ Kxh7 0-1

[Event "*** Titled Tuesday Blitz"]
[Site "Chess.com"]
[Date "2021.02.02"]
[Round "6"]
[White "PopMilan95"]
[Black "Saxar85"]
[Result "0-1"]
[WhiteElo "2604"]
[BlackElo "2803"]
[TimeControl "180+1"]
[EndTime "11:09:07 PST"]
[Termination "Saxar85 won by resignation"]

1. e4 e5 2. d4 exd4 3. Qxd4 Nc6 4. Qe3 Nf6 5. Nc3 g6 6. Bd2 Bg7 7. O-O-O O-O 8. Bc4 Re8 9. f3 Na5 10. Bb3 Nxb3+ 11.
axb3 d5 12. Qf2 d4 13. Bg5 c5 14. Qh4 h6 15. Bxf6 Bxf6 16. Qg3 Be6 17. e5 Bg7 18. Ne4 Bf5 19. Qf4 Rxe5 20. Ne2 Bxe4 21. fxe4 Qe7 22.
Ng3 a5 23. Rhf1 a4 24. bxa4 Rxa4 25. b3 Ra8 26. Kd2 c4 27. bxc4 Qb4+ 28. Ke2 Qxc4+ 29. Kf2 Qxc2+ 30. Kg1 Qc7 31. Rxd4 Qe7 32. Rd5 h5 33. Kh1 b5 34. Qf3 b4 35. Ne2 Rxe4 36. Nf4 Re8 37. Rdd1 Qf6 38. Qg3 Qe5 39. Qf3 Re3 40. Qb7 Re7 41.
Qa8+ Kh7 42. Qd5 b3 43. Qc4 b2 44. Qc1 0-1

[Event "*** Titled Tuesday Blitz"]
[Site "Chess.com"]
[Date "2021.02.02"]
[Round "6"]
[White "Gusarov91"]
[Black "KyronGriffith"]
[Result "1/2-1/2"]
[WhiteElo "1256"]
[BlackElo "2514"]
[TimeControl "180+1"]
[EndTime "11:09:07 PST"]
[Termination "Game drawn - insufficient material"]

1. d4 Nf6 2. Nf3 e6 3. c4 c5 4. g3 b6 5. Bg2 Bb7 6. dxc5 Bxc5 7. O-O O-O 8. a3 Be7 9. b4 d6 10. Bb2 Nbd7 11. Nbd2 Qc7 12. Qb3 Rac8 13. Rac1 Qb8 14. Rfd1 Rfd8 15. h3 Qa8 16. g4 h6 17. Nf1 Nf8 18. Ng3 Ng6 19. Qe3 d5 20. g5 hxg5 21. Nxg5 dxc4 22. Rxd8+ Rxd8 23. Bxb7 Qxb7 24. Rxc4 Rd1+ 25.
Kh2 Bd6 26. Qf3 Qxf3 27. Rc8+ Nf8 28. Nxf3 Ne4 29. Kg2 Nxg3 30. fxg3 Be7 31. Rc7 Rd7 32. Rc8 a5 33. bxa5 bxa5 34. a4 Rb7 35. Bc3 Bb4 36. Bd4 f6 37. Bc5 Bxc5 38. Rxc5 Ra7 39. Nd4 Kf7 40. Nc6 Ra6 41. Nxa5 Nd7 42. Rb5 g5 43. h4 gxh4 44. gxh4 Kg6 45. Kg3 Ne5 46. h5+ Kf5 47. e3 Ra8 48. Nc6 Rxa4 49. Nd4+ Kg5 50. Nxe6+ Kxh5 51. Nf4+ Kg5 52. Nd5 Rg4+ 53. Kf2 Ra4 54. Rb6 Ra2+ 55.
Kg3 Ra3 56. Rxf6 Rxe3+ 57. Nxe3 Kxf6 1/2-1/2